 Dungeon Crawl Stone Soup version 0.29.1-13-g9f3cf754e1 (webtiles) character file.

Game seed: 2975494568575896550

805 tizbic2 the Ruffian (level 7, 0/60 HPs)
             Began as a Ghoul Monk on Jan 26, 2023.
             Slain by Duvessa
             ... wielding a +0 short sword
              (13 damage)
             ... on level 4 of the Dungeon.
             The game lasted 00:26:08 (4709 turns).

tizbic2 the Ruffian (Ghoul Monk)                    Turns: 4709, Time: 00:26:08

Health: 0/60       AC:  3    Str: 17    XL:     7   Next: 91%
Magic:  6/6        EV: 12    Int:  5    God:
Gold:   230        SH:  0    Dex: 11    Spells: 6/6 levels left

rFire   + . .      SeeInvis .   x - +1 whip (elec)
rCold   + + .      Faith    .   (no shield)
rNeg    + + +      Spirit   .   d - +0 robe {rC+ rF+}
rPois   ∞          Reflect  .   t - +0 helmet
rElec   .          Harm     .   (no cloak)
rCorr   .          Rampage  .   (no gloves)
Will    +....                   (no boots)
Stlth   +++.......              (no amulet)
HPRegen 0.00/turn               f - ring of willpower
MPRegen 0.10/turn               (no ring)

@: inhibited regen
A: claws 1, cold resistance 1, negative energy resistance 3, inhibited
regeneration, torment resistance 2, devour on kill
a: no special abilities


You were on level 4 of the Dungeon.
You visited 1 branch of the dungeon, and saw 5 of its levels.

You collected 230 gold pieces.

Inventory:

Hand Weapons
 w - a +3 sling
 x - a +1 whip of electrocution (weapon)
Missiles
 c - 10 poisoned darts
 i - 3 boomerangs (quivered)
Armour
 d - a +0 robe of resistance (worn)
 s - a +0 plate armour
 t - a +0 helmet (worn)
 u - the +0 chain mail of Sif Muna's Inspiration {rF+}
   (You found it on level 3 of the Dungeon)

   rF:        It protects you from fire.
Jewellery
 f - a ring of willpower (left claw)
Wands
 b - a wand of flame (7)
Scrolls
 a - 2 scrolls of teleportation {unknown}
 k - a scroll of fear
 o - a scroll of silence {unknown}
 q - a scroll of magic mapping {unknown}
 v - a scroll of immolation
 y - a scroll of vulnerability {unknown}
Potions
 e - 4 potions of curing
 g - a potion of brilliance
 j - a potion of lignification {unknown}
 l - a potion of attraction {unknown}
 m - a potion of mutation {unknown}
 n - 2 potions of heal wounds {unknown}
 r - a potion of degeneration {unknown}


   Skills:
 + Level 4.7 Fighting
 * Level 2.5 Short Blades
 + Level 3.0 Ranged Weapons
 - Level 2.6 Dodging
 * Level 5.0 Stealth
 - Level 5.9 Unarmed Combat
 * Level 1.8 Summonings


You had 6 spell levels left.
You didn't know any spells.
Your spell library contained the following spells:

 Spells                   Type           Power      Damage    Failure   Level
 Freeze                   Ice            0%         1d3       47%         1
 Call Canine Familiar     Summ           1%         N/A       61%         3
 Portal Projectile        Hex/Tloc       0%         N/A       85%         3
 Dispel Undead            Necr           0%         3d6       99%         4
 Leda's Liquefaction      Hex/Erth       0%         N/A       99%         4
 Ozocubu's Refrigeration  Ice            0%         4d7       100%        7
 Borgnjor's Revivificati  Necr           Unusable   N/A       N/A         8

Dungeon Overview and Level Annotations

Branches:
Dungeon (5/15)
 Temple: D:4-7

Altars:
Okawaru

Shops:
D:2 (!:

Annotations:
D:4 Duvessa


Innate Abilities, Weirdness & Mutations

You are immune to poison.
You have sharp fingernails.
Your flesh is cold resistant. (rC+)
You are immune to negative energy. (rN+++)
You do not regenerate when monsters are visible.
You are immune to unholy pain and torment.
You thrive by killing the living.


Message History

Blink to where?
Press: ? - help, Dir - move target
As you read the scroll of blinking, it crumbles to dust.
You climb upwards.
There is a stone staircase leading down here.
You start resting.
HP restored.
There is an open door here.
There is an open door here.
There is an open door here.
There is a stone staircase leading down here.
You climb downwards.
Level annotation: Duvessa
There is a stone staircase leading up here.
You hear a shout!
You hear a shout! x2
There is a stone staircase leading down here.
You hear a shout!
You hear a shout! x2
You hear a shout!
w - a +3 sling (weapon)
You hear a shout!
You hear a shout!
You hear a shout!
You hear the crackle of electricity.
x - a +1 whip of electrocution (weapon)
You barely miss Duvessa. Duvessa closely misses you. x2
You hit Duvessa but do no damage. Duvessa barely misses you.
Duvessa hits you with a +0 short sword!
You hit Duvessa. Lightning courses through Duvessa!
Duvessa is moderately wounded.
Duvessa hits you with a +0 short sword!
You hit Duvessa. Lightning courses through Duvessa!!
Duvessa is severely wounded.
Duvessa hits you with a +0 short sword! x2
* * * LOW HITPOINT WARNING * * *
You barely miss Duvessa.
Duvessa is severely wounded.
Duvessa hits you with a +0 short sword!
You die...

##### #...# ####...##
#...# ###.### ###.#.
#.#.###....## ###....
#.#.##......#####......
#.#>##......#...)......
####.#...........####.....
#...........).............
#..#.###.###..#####.#.....
##.....<.@.#..#####.......
###.....#e......#########
#.....#...##...#### #
##....##...##.....###
##......#...........###
##.....#...##..##.......
##......##..#[.)......###
#..#....##....>.......###
#.##....##....###........


You could see Duvessa (berserk).

Vanquished Creatures
  Sigmund (D:3)
  An ogre (D:5)
  A scorpion (D:4)
  Dowan (D:5)
  2 hounds
  Jessica (D:3)
  2 iguanas (D:4)
  2 orc wizards
  Natasha (thrice) (D:3)
  10 adders
  An ufetubus (D:4)
  4 dart slugs
  8 orcs
  8 ball pythons
  15 endoplasms
  5 giant cockroaches
  6 goblins
  6 hobgoblins
  3 quokkas
  7 bats
  4 frilled lizards
  7 kobolds
  5 rats
  A spectral kobold (D:2)
104 creatures vanquished.

Notes
Turn   | Place    | Note
-------+----------+-------------------------------------------
     0 | D:1      | tizbic2 the Ghoul Monk began the quest for the Orb.
     0 | D:1      | Reached XP level 1. HP: 19/19 MP: 0/0
   222 | D:1      | Reached XP level 2. HP: 25/26 MP: 1/1
   525 | D:1      | Reached XP level 3. HP: 31/31 MP: 2/2
   989 | D:2      | Found Sastrid's Distillery.
   989 | D:2      | Found Gihiv's Book Emporium.
  1106 | D:2      | Reached XP level 4. HP: 38/38 MP: 3/3
  1226 | D:2      | Reached skill level 5 in Unarmed Combat
  1229 | D:2      | Found a faded altar of an unknown god.
  1358 | D:2      | Found Beitoeses's Weapon Shoppe.
  1522 | D:3      | Noticed Natasha
  1534 | D:3      | Killed Natasha
  1644 | D:3      | Noticed Sigmund
  1657 | D:3      | Identified the +0 chain mail of Sif Muna's Inspiration
                  | {rF+}
  1704 | D:3      | Noticed Natasha
  1705 | D:3      | Reached XP level 5. HP: 45/45 MP: 4/4
  1713 | D:3      | Killed Natasha
  1784 | D:3      | Noticed Jessica
  1801 | D:3      | Killed Jessica
  1803 | D:3      | Noticed Natasha
  1811 | D:3      | Killed Natasha
  1812 | D:3      | Reached skill level 1 in Ranged Weapons
  2225 | D:3      | Killed Sigmund
  2226 | D:3      | Reached XP level 6. HP: 39/52 MP: 5/5
  2408 | D:4      | Reached skill level 1 in Short Blades
  2408 | D:4      | Reached XP level 7. HP: 35/60 MP: 6/6
  2655 | D:4      | HP: 1/60 [iguana (12)]
  2900 | D:4      | Got Sif Muna's Incunabulum of the Iceberg and Mortification
  3012 | D:5      | Entered Level 5 of the Dungeon
  3084 | D:5      | Reached skill level 1 in Summonings
  3295 | D:5      | Noticed Duvessa
  3295 | D:5      | Noticed Dowan
  3296 | D:5      | Found an iron altar of Okawaru.
  4392 | D:5      | Killed Dowan
  4393 | D:5      | Reached skill level 5 in Stealth
  4709 | D:4      | Slain by Duvessa

Illustrated notes

Levels and vault maps discovered:
D:1:      ncdulo_lavacross, layout_basic
D:2:      layout_rooms, dreamdust_ecumenical_altar_drowned_temple, serial_shops,
          shop, shop, shop
D:3:      layout_basic, uniq_jessica, uniq_sigmund, uniq_natasha
D:4:      layout_rooms
D:5:      layout_basic, okawaru_ov_weapons_minmay, uniq_duvessa

Skill      XL: |  1  2  3  4  5  6  7 |
---------------+----------------------+-----
Unarmed Combat | 4 5 |  5.9
Stealth        | 3 4 5 |  5.0
Ranged Weapons | 2 3 |  3.0
Fighting       | 4 |  4.7
Short Blades   | 1 2 |  2.5
Summonings     | 1 |  1.8
Dodging        | |  2.6

Action                   |  1- 3 |  4- 6 |  7- 9 || total
-------------------------+-------+-------+-------++-------
Melee: Unarmed           |    84 |   133 |    85 ||   302
       Dagger            |    11 |     8 |       ||    19
       Punch             |     1 |     7 |     2 ||    10
       Whip              |       |       |    17 ||    17
 Fire: Sling             |     9 |    37 |    55 ||   101
Throw: Boomerang         |     4 |       |     2 ||     6
  Use: Scroll            |       |     4 |     5 ||     9
       Potion            |       |     1 |     2 ||     3
 Stab: Sleeping          |     1 |       |       ||     1
Armor: Chain mail        |     5 |    34 |       ||    39
       Robe              |     1 |     4 |     8 ||    13
       Ring mail         |    25 |    11 |       ||    36
Dodge: Dodged            |    44 |    75 |    56 ||   175
